Elbereth, lawful female human Valkyrie --- ---- ---- --- ------.>---..-- |..| ---.--- |......<......| --- ---- ---- --..| |.....| |..-------)[%.| |.-- |..| ---..|---.--- |....-- |.- |...|.| |..---..-- --...^--...| ---..| |.| |..*|.| --..|....----|..........| |..| |.| |..-|.| |...--...|.--..---....- --.| |.| --.||.| -------........| |..)-- |.| |.| ---|.| |.......-- |..)- |.| |.| |.| ----.--.| --..) |.| |.| |.| ---- ------ --%.. |.-- |.| |.| |..-- --.).. --..-- |.| |%---...---- |.)... |....| |.| |.@...^....-- |-.... |....--|.| ---d.^-.....---- |..... |-.....|.-- |............---------.-.-- |.........--. --................^..%.. |.*.......... --.---.......-----..).- --..---....|. --- ---.|...-----..%.| ---- --.-- ----........--- --- ---------- Elbereth the Skirmisher Experience level: 5 Strength: 17 Dexterity: 13 Constitution: 18 Intelligence: 8 Wisdom: 10 Charisma: 9 Health: 0(48) Energy: 13(13) Def: 7 Gold: 242 Moves: 1809 Dungeon seed: 7J63rpvHTPKM6eZS Game ID: Elbereth_1607716225 Your Inventory: Coins $ - 242 gold pieces Weapons a - a corroded +1 long sword (weapon in hand) b - a +0 dagger h - a +0 dagger Armor e - an uncursed +3 small shield (being worn) q - a cursed thoroughly rusty -1 banded mail (being worn) z - a cursed -1 pair of iron shoes (being worn) N - a blessed greased +0 silver dragon scale mail Comestibles c - an uncursed food ration Potions j - an uncursed potion of healing Spells and supernatural/magical abilities: Name Level Category Fail Memory W - pray for help -- divine ? -- Your skills at the end: Fighting Skills Weapon Skills dagger [Basic] long sword [Basic] Spellcasting Skills Final Attributes: You were piously aligned. You were cold resistant. You were stealthy. You are dead. Vanquished creatures: a gnome king 2 gnome lords a dwarf 3 hill orcs an acid blob a large kobold a giant rat a green mold 7 gnomes 4 jackals a goblin 4 grid bugs a bat a lichen a kobold zombie 6 newts 36 creatures vanquished. Voluntary challenges: You used a wielded weapon 48 times, starting on turn 1. You read items or engraved 1 time, starting on turn 873. You never genocided any monsters. You never polymorphed an object. You never changed form. You used 1 wish, starting on turn 979. You did not wish for any artifacts. You never split a pudding. You never wrote Elbereth's name. You never violated your personal moral code. Dungeon overview: The Dungeons of Doom: levels 1 to 3 Level 1 a long staircase Level 2 an altar to Loki Level 3 stairs to The Gnomish Mines The Gnomish Mines: Level 4 <- You were here stairs to The Dungeons of Doom History has recorded: On T:1 you entered the Dungeons of Doom to retrieve the Amulet of Yendor! On T:213 you reached level 2 of The Dungeons of Doom. On T:679 you reached level 3 of The Dungeons of Doom. On T:846 you advanced to experience level 2. On T:901 you reached level 1 of The Gnomish Mines. On T:909 you advanced to experience level 3. On T:979 you wished for "blessed greased +2 silver dragon scale mail". On T:1249 you advanced to experience level 4. On T:1766 you advanced to experience level 5. Score breakdown: Gold: 242 ( 8115 points) Experience: 5 levels (11141 points) Exploration: 4 levels ( 8.33%) ( 7579 points) Discoveries: 1 item ( 0.41%) ( 1912 points) Valuables value: (no points given unless you survive) Artifact value: 0 ( 0 points) Variety of kills: 16 monsters ( 4.20%) ( 6147 points) Turncount: 1809 turns ( 0 points) Survival: died (score multiplied by 80%) Total score: 27915 Latest messages: The hill orc just misses! The hill orc hits! You miss the hill orc. The hill orc thrusts her dagger. The hill orc misses. The hill orc just misses! You miss the hill orc. (2x) The hill orc thrusts her dagger. The hill orc hits! The hill orc misses. You hit the hill orc. The hill orc thrusts her dagger. The hill orc hits! The hill orc misses. The hill orc thrusts her dagger. The hill orc hits! The jackal bites! (2x) The newt bites! The jackal misses. You kill the jackal! The jackal bites! You die... Final status: Farvel Elbereth the Valkyrie, killed by a jackal... You died in The Gnomish Mines on dungeon level 4 with 27915 points, and 242 pieces of gold, after 1809 moves. You were level 5 with a maximum of 48 hit points when you died.